 Dungeon Crawl Stone Soup version 0.25-a0-253-g6f1b5d974a (webtiles) character file.

Game seed: 2618254044805811802, levelgen mode: classic

1192 Borgoz the Slasher (level 8, -5/73 HPs)
             Began as a Gargoyle Gladiator on Dec 5, 2019.
             Was a Follower of Okawaru.
             Slain by an orc warrior
             ... wielding a +0 war axe
              (11 damage)
             ... on level 6 of the Dungeon.
             The game lasted 00:07:39 (4693 turns).

Borgoz the Slasher (Gargoyle Gladiator)             Turns: 4693, Time: 00:07:41

Health: -5/73      AC: 15    Str: 26    XL:     8   Next: 43%
Magic:  0/8        EV: 13    Int: 15    God:    Okawaru [*.....]
Gold:   231        SH:  0    Dex: 11    Spells: 7/7 levels left

rFire    . . .     SeeInvis .   a - +0 long sword
rCold    . . .     Gourm    .   (no shield)
rNeg     + . .     Faith    .   p - +1 ring mail
rPois    ∞         Spirit   +   b - +2 helmet {Int+3}
rElec    +         Reflect  .   (no cloak)
rCorr    .         Harm     .   (no gloves)
MR       .....                  (no boots)
Stlth    ..........             o - amulet of guardian spirit
HPRegen  0.22/turn              t - +4 ring of intelligence
MPRegen  0.11/turn              (no ring)

@: berserking, marked, very quick
A: negative energy resistance 1, electricity resistance, unbreathing,
petrification resistance, rot immunity, AC +5
a: Heroism, Renounce Religion


You were on level 6 of the Dungeon.
You worshipped Okawaru.
Okawaru was aware of your devotion.
You were not hungry.

You visited 2 branches of the dungeon, and saw 7 of its levels.

You collected 231 gold pieces.

Inventory:

Hand Weapons
 a - a +0 long sword (weapon)
Missiles
 d - 2 throwing nets (quivered)
Armour
 b - a +2 helmet of intelligence (worn)
 p - a +1 ring mail (worn)
Jewellery
 i - an uncursed ring of fire
 o - an amulet of guardian spirit (around neck)
 r - an uncursed ring of wizardry
 t - a +4 ring of intelligence (left hand)
Scrolls
 g - 3 scrolls of remove curse
 l - 2 scrolls of teleportation
Potions
 c - a potion of cancellation
 e - a potion of magic {unknown}
 h - 2 potions of curing {unknown}
 k - 3 potions of agility
 n - 2 potions of haste
 q - a potion of brilliance {unknown}
 u - a potion of lignification {unknown}
 v - a potion of experience {unknown}
Comestibles
 f - 10 rations
 w - 7 chunks of flesh


   Skills:
 + Level 5.2 Fighting
 * Level 6.2 Long Blades
 - Level 1.7 Throwing
 + Level 4.6 Armour
 + Level 4.3 Dodging


You had 7 spell levels left.
You didn't know any spells.
Your spell library was empty.

Dungeon Overview and Level Annotations

Branches:
Dungeon (6/15)             Temple (1/1) D:5

Altars:
Ashenzari
Cheibriados
Dithmenos
Elyvilon
Fedhas
Gozag
Hepliaklqana
Kikubaaqudgha
Nemelex Xobeh
Okawaru
Qazlal
Ru
Sif Muna
Trog
Uskayaw
Vehumet
Wu Jian
Xom
Yredelemnul
Zin
The Shining One

Annotations:
D:5 2 transporters, emiel's ghost, amateur FoVM
D:6 Eustachio


Innate Abilities, Weirdness & Mutations

You are resistant to torment.
Your stone body is resilient. (AC +5)
You are immune to poison.
You resist negative energy. (rN+)
You are resistant to electric shocks. (rElec)
You can survive without breathing.
You are immune to petrification.
You are immune to rotting.


Message History

An orc wizard comes into view. It is wielding a +0 dagger.
You barely miss the orc warrior.
The hound zombie bites you but does no damage.
The bullfrog closely misses you.
You riposte.
You slash the bullfrog!
You kill the bullfrog!
Okawaru accepts your kill.
The orc wizard gestures wildly while chanting.
The orc wizard blinks!
The orc warrior hits you with a +0 war axe!
* * * LOW HITPOINT WARNING * * *
The orc closely misses you.
You riposte.
You slash the orc!
You kill the orc!
Okawaru accepts your kill.
You hit the hound zombie.
The hound zombie is lightly damaged.
The hound zombie bites you but does no damage.
The orc wizard gestures wildly while chanting.
The orc wizard seems to speed up.
The orc warrior hits you with a +0 war axe!
You die...

.................
....####.#########
.......)..#
#.######..# #.#
#....# ####.#
#....#
o..o§####.#.###
#)hh.......#
#@oh.o.#.#.#
#Zo....#.....
#......#.#####
#......#.#
#$.....#.#
########


You could see an orc warrior, 3 orc wizards, a hound zombie and 3 jackals.

Vanquished Creatures
  Menkaure (D:6)
  3 ogres
  A centaur (D:5)
  A bullfrog (D:6)
  A water moccasin zombie (D:5)
  A scorpion (D:5)
  A crimson imp (D:5)
  5 orc wizards
  A jelly (D:5)
  3 orc priests (D:4)
  A bullfrog skeleton (D:4)
  4 worker ants (D:4)
  A worker ant zombie (D:6)
  3 adders
  A worm (D:3)
  8 dart slugs
  3 leopard geckos
  20 orcs
  9 bats
  3 giant cockroaches
  10 goblins
  9 hobgoblins
  6 jackals (D:1)
  A quokka (D:2)
  4 frilled lizards
  4 kobolds
  A leopard gecko skeleton (D:4)
  A quokka skeleton (D:4)
  A rat (D:3)
108 creatures vanquished.

Notes
Turn   | Place    | Note
-------+----------+-------------------------------------------
     0 | D:1      | Borgoz the Gargoyle Gladiator began the quest for the Orb.
     0 | D:1      | Reached XP level 1. HP: 12/12 MP: 1/1
   275 | D:1      | Reached XP level 2. HP: 18/18 MP: 2/2
   377 | D:1      | Reached skill level 3 in Long Blades
   567 | D:1      | Reached skill level 1 in Armour
   656 | D:1      | Reached XP level 3. HP: 19/22 MP: 3/3
   725 | D:1      | HP: 1/22 [dart slug/slug dart (7)]
  1434 | D:2      | Reached XP level 4. HP: 27/27 MP: 4/4
  2067 | D:3      | Reached XP level 5. HP: 28/32 MP: 5/5
  2317 | D:3      | Reached skill level 4 in Long Blades
  2829 | D:4      | Noticed an ogre
  2851 | D:4      | Killed an ogre
  2851 | D:4      | Reached XP level 6. HP: 17/38 MP: 2/6
  3418 | D:4      | Reached XP level 7. HP: 35/43 MP: 7/7
  3588 | D:4      | Reached skill level 5 in Long Blades
  3726 | D:5      | Entered Level 5 of the Dungeon
  4002 | D:5      | Found a staircase to the Ecumenical Temple.
  4053 | Temple   | Entered the Ecumenical Temple
  4139 | Temple   | Became a worshipper of Warmaster Okawaru
  4150 | D:5      | Found a transporter.
  4164 | D:5      | Reached XP level 8. HP: 39/48 MP: 6/8
  4229 | D:5      | Noticed emiel's ghost (amateur FoVM)
  4229 | D:5      | Identified the +3 dire flail of Dogeck {flame, *Rage +Inv
                  | +Fly}
  4232 | D:5      | Found a transporter.
  4591 | D:6      | Noticed Menkaure
  4603 | D:6      | Killed Menkaure
  4603 | D:6      | Reached * piety under Okawaru
  4603 | D:6      | Reached skill level 5 in Fighting
  4603 | D:6      | Reached skill level 6 in Long Blades
  4644 | D:6      | Noticed Eustachio
  4693 | D:6      | Slain by an orc warrior

Levels and vault maps discovered:
D:1:      lightli_arrival_statuegarden, layout_basic
D:2:      cheibrodos_helix_gallery, layout_rooms
D:3:      layout_loops_ring, first_ration, minmay_liquid_box
D:4:      layout_loops_cross
D:5:      layout_rooms, minmay_temple_entry_mini_moons, gammafunk_ghost_smash,
          lightli_corner_chamber
D:6:      layout_basic, basic_altar, enter_ossuary_4, uniq_eustachio,
          uniq_blork_the_orc, uniq_menkaure
Temple:   grunt_wide_crystal_templ

Skill      XL: |  1  2  3  4  5  6  7  8 |
---------------+-------------------------+-----
Long Blades    | 3 4 5 6 |  6.2
Armour         | 1 2 3 4 |  4.6
Fighting       | 3 4 5 |  5.2
Dodging        | 3 4 |  4.3
Throwing       | |  1.7

Action                   |  1- 3 |  4- 6 |  7- 9 || total
-------------------------+-------+-------+-------++-------
Melee: Long sword        |    92 |   177 |   127 ||   396
Throw: Throwing net      |       |     2 |     1 ||     3
  Use: Scroll            |       |     6 |     3 ||     9
       Potion            |       |     3 |     3 ||     6
 Stab: Invisible         |       |     1 |       ||     1
       Held in net/web   |       |       |     1 ||     1
  Eat: Chunk             |     2 |     6 |     2 ||    10
       Ration            |       |       |     1 ||     1
Armor: Leather armour    |    52 |    10 |       ||    62
       Ring mail         |       |    81 |    67 ||   148
Dodge: Dodged            |    63 |   131 |    68 ||   262
       Rpst.: Long sword |    21 |    39 |    21 ||    81

Table legend:
 A = Non-vault XP
 B = Vault XP
 C = Vault XP percentage of total XP
 D = Non-vault monster count
 E = Vault monster count
 F = Vault count percentage of total count
                 A         B        C        D         E       F
            +---------+---------+-------+---------+---------+-------
      Total |    1528 |     175 |  10.3 |     105 |       3 |   2.8
            +---------+---------+-------+---------+---------+-------
        D:1 |      64 |       0 |   0.0 |      31 |       0 |   0.0
        D:2 |      31 |       3 |   8.8 |      11 |       2 |  15.4
        D:3 |     157 |       0 |   0.0 |      25 |       0 |   0.0
        D:4 |     544 |       0 |   0.0 |      22 |       0 |   0.0
        D:5 |     593 |       0 |   0.0 |       8 |       0 |   0.0
        D:6 |     139 |     172 |  55.3 |       8 |       1 |  11.1
            +---------+---------+-------+---------+---------+-------
